 Dungeon Crawl Stone Soup version 0.31-a0-188-g5e087ee2ca (webtiles) character file.

Game seed: 14550066750867290600

26 qw the Shooter (level 2, -1/16 HPs)
             Began as a Deep Elf Hunter on June 23, 2023.
             Slain by a goblin
             ... wielding a +0 dagger
             ... led by Robin
              (3 damage)
             ... on level 2 of the Dungeon.
             The game lasted 00:00:13 (583 turns).

qw the Shooter (Deep Elf Hunter)                     Turns: 583, Time: 00:00:14

Health: -1/16      AC:  5    Str:  8    XL:     2   Next: 89%
Magic:  4/4        EV: 12    Int: 13    God:
Gold:   64         SH:  0    Dex: 18    Spells: 1/1 levels left

rFire   . . .        Y - +0 shortbow
rCold   . . .        (shield currently unavailable)
rNeg    . . .        c - +0 leather armour
rPois   .            (no helmet)
rElec   .            d - +0 cloak
rCorr   .            i - +0 pair of gloves
SInv    .            (no boots)
Will    .....        (no amulet)
Stlth   ++           (no ring)
HPRegen 0.22/turn    (no ring)
MPRegen 0.09/turn

%: no passive effects
@: no status effects
A: no striking features
a: no special abilities


You were on level 2 of the Dungeon.
You visited 1 branch of the dungeon, and saw 2 of its levels.

You collected 64 gold pieces.


   Skills:
 - Level 1.5 Fighting
 + Level 6.6 Ranged Weapons
 - Level 2.4 Dodging
 - Level 1.2 Stealth


You had one spell level left.
You didn't know any spells.
Your spell library was empty.

Inventory:

Hand Weapons
 Y - a +0 shortbow (weapon)
Armour
 c - a +0 leather armour (worn)
 d - a +0 cloak (worn)
 i - a +0 pair of gloves (worn)
Jewellery
 f - a ring of fire
Scrolls
 a - a scroll of identify
Potions
 e - a potion of curing

Dungeon Overview and Level Annotations

Branches:
Dungeon (2/15)

Altars:
Makhleb

Annotations:
D:2 Robin


Message History

5 goblins come into view.
Found a robe.
The goblin shouts! x4; You hear a shout! x3
A goblin comes into view. It is wielding a +0 dagger.
A hobgoblin comes into view.
A goblin comes into view. It is wielding a +0 club.
Robin of the Strong Arm comes into view.
They are wielding a +0 trident.
The goblin moves out of view.
The goblin shouts!
You hear a shout!
Enter note:
Enter note: You shoot an arrow.
The arrow closely misses the goblin.
A goblin comes into view. It is wielding a +0 club.
The goblin hits you with a +0 club.
A goblin opens the door.
A goblin comes into view. It is wielding a +0 dagger.
The goblin hits you with a +0 club.
A goblin comes into view. It is wielding a +0 dagger.
Robin roars a battlecry!
The goblins go into a battle-frenzy!
The goblin moves out of view.
You shoot an arrow. The arrow hits the goblin!
You kill the goblin!
Robin throws the goblin at you!
580 ||| Stepping ~*~*~tactically~*~*~ (outnumbered).
A hobgoblin comes into view.
The hobgoblin shouts!
The goblin closely misses you. The goblin hits you with a +0 club.
Enter note:
Enter note: You shoot an arrow.
The arrow hits the goblin.
The goblin is severely wounded.
The goblin closely misses you. x2; The goblin hits you but does no damage.
You shoot an arrow. The arrow barely misses the goblin.
The goblin barely misses you. The hobgoblin closely misses you.
The goblin hits you with a +0 dagger. The goblin misses you.
The goblin hits you with a +0 club.
You shoot an arrow. The arrow hits the goblin.
You kill the goblin!
The goblin hits you with a +0 dagger.
You die...

.... .# ..#####.## .....
#.# #.#####.## ..... #.#
.......... ...... #.#
...%###.#. ...... #.#
#.########.... ......##.#
............##
..[....g<#########...###
#ggg..........###
#.....#g@########..#
+...gggg)# #..######
#.....##.########........
#..... #....##....#######
#.... #.##.#..####
#.....##.##.#.##
............>########
..................
..################


You could see Robin, 2 hobgoblins and 6 goblins.

Vanquished Creatures
  A ball python (D:1)
  A bat (D:1)
  An endoplasm (D:1)
  A giant cockroach (D:1)
  7 jackals (D:1)
  2 kobolds (D:2)
  A quokka (D:2)
  2 frilled lizards (D:1)
  5 goblins
  2 rats
23 creatures vanquished.

Notes
Turn   | Place    | Note
-------+----------+-------------------------------------------
     0 | D:1      | qw the Deep Elf Hunter began the quest for the Orb.
     0 | D:1      | Reached XP level 1. HP: 12/12 MP: 3/3
     0 | D:1      | 0 ||| qw: Version: 0.3-a-9-g12657ce
     0 | D:1      | 0 ||| qw: Game counter: 3284
     0 | D:1      | 0 ||| qw: Always use a shield: true
     0 | D:1      | 0 ||| qw: God list: Okawaru
     0 | D:1      | 0 ||| qw: Allow faded altars: false
     0 | D:1      | 0 ||| qw: Do Orc after D:15 true
     0 | D:1      | 0 ||| qw: Do second Lair branch before Depths: true
     0 | D:1      | 0 ||| qw: Lair rune preference: random
     0 | D:1      | 0 ||| qw: Plans: Normal
     0 | D:1      | 0 ||| PLANNING D:1-11
   184 | D:1      | Reached skill level 6 in Ranged Weapons
   184 | D:1      | Reached XP level 2. HP: 16/16 MP: 4/4
   372 | D:1      | Found a faded altar of an unknown god.
   472 | D:1      | 472 ||| UPGRADING to +0 cloak.
   477 | D:1      | 477 ||| UPGRADING to +0 pair of gloves.
   482 | D:1      | 482 ||| READING 2 scrolls labelled TEDGHU SEYPTUHE.
   483 | D:1      | 483 ||| READING scroll labelled KUOXTI TIMAIMO.
   487 | D:1      | 487 ||| DRINKING 2 brown potions.
   488 | D:1      | 488 ||| DROPPING scroll of butterflies.
   501 | D:2      | Found a burning altar of Makhleb.
   577 | D:2      | Noticed Robin
   580 | D:2      | 580 ||| Stepping ~*~*~tactically~*~*~ (outnumbered).
   582 | D:2      | HP: 1/16 [goblin/+0 club[Robin] (5)]
   583 | D:2      | Slain by a goblin

Levels and vault maps discovered:
D:1:      dpeg_arrival_water_temple_mockup, layout_rooms,
          shapermc_ecumenical_altar_petra, minmay_misc_feat_encased
D:2:      layout_basic, basic_altar, uniq_robin, uniq_terence

Skill      XL: |  1 |
---------------+----+-----
Ranged Weapons | 6 |  6.6
Fighting       | |  1.5
Dodging        | |  2.4
Stealth        | |  1.2

Action                     || total
---------------------------++-------
   Fire: Shortbow          ||    44
    Use: Scroll            ||     2
         Potion            ||     1
 Armour: Leather armour    ||     2
  Dodge: Dodged            ||     8

Table legend:
 A = Non-vault XP
 B = Vault XP
 C = Vault XP percentage of total XP
 D = Non-vault monster count
 E = Vault monster count
 F = Vault count percentage of total count
                 A         B        C        D         E       F
            +---------+---------+-------+---------+---------+-------
      Total |      36 |       3 |   7.7 |      21 |       2 |   8.7
            +---------+---------+-------+---------+---------+-------
        D:1 |      28 |       0 |   0.0 |      16 |       0 |   0.0
        D:2 |       8 |       3 |  27.3 |       5 |       2 |  28.6
            +---------+---------+-------+---------+---------+-------
